 Dungeon Crawl Stone Soup version 0.18-a0-1293-g5a2c81a (webtiles) character file.

1769 inmateoo the Carver (level 8, -1/57 HPs)
             Began as a High Elf Fighter on Feb 10, 2016.
             Was a Believer of Okawaru.
             Incinerated by ololoev's ghost (3 damage)
             ... with a sticky flame
             ... on level 6 of the Dungeon.
             The game lasted 00:12:00 (6803 turns).

inmateoo the Carver (High Elf Fighter)              Turns: 6803, Time: 00:12:00

Health: -1/57      AC: 14    Str: 22    XL:     8   Next: 80%
Magic:  9/9        EV: 13    Int: 18    God:    Okawaru [**....]
Gold:   274        SH:  8    Dex: 19    Spells: 0 memorised, 7 levels left

rFire  . . .     SeeInvis .     a - +1 long sword
rCold  . . .     Gourm    .     y - +0 chain mail
rNeg   . . .     Faith    .     A - +2 buckler
rPois  .         Spirit   .     k - +1 helmet
rElec  .         Dismiss  .     z - +0 cloak
rCorr  .         Reflect  .     l - +0 pair of gloves (curse)
SustAt .         Harm     .     (no boots)
MR     .....                    (no amulet)
Stlth  ..........               (no ring)
                                (no ring)

@: mighty, brilliant, agile, liquid flames, very slightly contaminated, glowing,
invisible (but backlit and visible), not resistant to hostile enchantments,
extremely unstealthy
A: no striking features
a: Heroism, Renounce Religion


You were on level 6 of the Dungeon.
You worshipped Okawaru.
Okawaru was pleased with you.
You were near starving.

You visited 1 branch of the dungeon, and saw 6 of its levels.
You also visited: Ossuary.

You collected 274 gold pieces.

Inventory:

Hand Weapons
 a - a +1 long sword (weapon)
 d - a +3 short sword of freezing
 h - a +0 short sword of venom
Missiles
 q - a throwing net (quivered)
Armour
 c - a +0 shield
 k - a +1 helmet (worn)
 l - a cursed +0 pair of gloves (worn)
 y - a +0 chain mail (worn)
 z - a +0 cloak (worn)
 A - a +2 buckler (worn)
Wands
 m - a wand of digging (12/24)
 x - a wand of flame (24/48)
Scrolls
 i - a scroll of recharging
 B - a scroll of remove curse
 E - a scroll of enchant weapon
Potions
 b - 3 potions of flight
 o - 3 potions of ambrosia
 p - 2 potions of invisibility
 r - 2 potions of brilliance
 t - a potion of agility
 u - 2 potions of lignification {unknown}
 v - a potion of might
 w - a potion of cure mutation
Comestibles
 f - 2 bread rations
 g - 2 meat rations
 j - 4 fruits


   Skills:
 + Level 6.0 Fighting
 * Level 8.9 Long Blades
 + Level 5.5 Armour
 + Level 5.1 Shields


You had 7 spell levels left.
You didn't know any spells.

Dungeon Overview and Level Annotations

Branches:
Dungeon (6/15)
 Temple: D:4-7

Altars:
Okawaru
Vehumet
Yredelemnul
Zin

Annotations:
D:6 ololoev's ghost, novice DEFE


Message History

You feel better.
You are covered in liquid flames!
* * * LOW HITPOINT WARNING * * *
Ololoev's ghost sprays you with burning goo.
The sticky flame hits you!
You are covered in liquid flames!
Read which item? (? for menu, Esc to quit)
Okay, then.
Drink which item? (? for menu, Esc to quit)
It was a potion of brilliance.
You feel clever all of a sudden.
You are covered in liquid flames!
* * * LOW HITPOINT WARNING * * *
Ololoev's ghost hits you.
* * * LOW HITPOINT WARNING * * *
Drink which item? (? for menu, Esc to quit)
It was a potion of agility.
You feel agile all of a sudden.
You are covered in liquid flames!
You die...

#...
#.###########
#..#
#....@W(....#
#..#
##########.#.#
#..# #
##.###.##..# #
##.## #.#..####
#.## #†.....#
##.## # #..##.#
#..###.##..##.#
#.#.#......##.#
####
#.##.####......


You could see ololoev's ghost.

Vanquished Creatures
  Eustachio (D:6)
  A water moccasin (D:5)
  Duvessa (D:4)
  An ogre (D:6)
  A centaur (D:6)
  A water moccasin skeleton (D:4)
  Dowan (D:4)
  A crimson imp (D:6)
  2 centaur zombies (Ossuary)
  A giant frog zombie (D:6)
  3 orc priests
  4 hounds
  2 jellies
  3 orc wizards
  A centaur skeleton (D:4)
  A giant frog skeleton (D:4)
  An iguana (D:6)
  Terence (D:3)
  4 worker ants
  A hound zombie (D:5)
  5 mummies (Ossuary)
  2 worker ant zombies
  Robin (D:2)
  6 gnolls
  14 adders
  A shadow imp (D:5)
  3 worms
  2 giant geckos
  18 orcs
  11 giant cockroaches
  2 gnoll zombies (Ossuary)
  11 hobgoblins
  14 jackals
  4 quokkas
  2 ball pythons
  8 bats
  A giant gecko skeleton (D:6)
  3 giant newts
  20 goblins
  A goblin zombie (Ossuary)
  A hobgoblin zombie (Ossuary)
  8 kobolds
  2 orc zombies (Ossuary)
  A quokka skeleton (D:4)
  A quokka zombie (D:6)
  3 rats
177 creatures vanquished.

Vanquished Creatures (others)
  A centaur zombie (D:6)
  An orc (D:6)
2 creatures vanquished.

Grand Total: 179 creatures vanquished

Notes
Turn   | Place    | Note
--------------------------------------------------------------
     0 | D:1      | inmateoo the High Elf Fighter began the quest for the Orb.
     0 | D:1      | Reached XP level 1. HP: 16/16 MP: 2/2
   178 | D:1      | Reached XP level 2. HP: 19/21 MP: 3/3
   708 | D:2      | Reached XP level 3. HP: 26/26 MP: 4/4
   712 | D:2      | Noticed Robin
   773 | D:2      | Killed Robin
  1021 | D:2      | Reached XP level 4. HP: 14/31 MP: 5/5
  1041 | D:2      | Reached skill level 4 in Long Blades
  1414 | D:2      | Found a radiant altar of Vehumet.
  1786 | D:2      | Reached XP level 5. HP: 34/36 MP: 6/6
  2954 | D:3      | Reached skill level 5 in Long Blades
  2970 | D:3      | Noticed Terence
  2985 | D:3      | Killed Terence
  3343 | D:3      | Found a basalt altar of Yredelemnul.
  3373 | D:3      | Reached XP level 6. HP: 37/43 MP: 7/7
  3431 | D:3      | Found an iron altar of Okawaru.
  3473 | D:3      | Became a worshipper of Warmaster Okawaru
  4225 | D:4      | Reached skill level 6 in Long Blades
  4369 | D:4      | Found a glowing silver altar of Zin.
  4405 | D:4      | Reached XP level 7. HP: 43/49 MP: 8/8
  4421 | D:4      | Noticed Dowan
  4434 | D:4      | Killed Dowan
  4446 | D:4      | Noticed Duvessa
  4461 | D:4      | Killed Duvessa
  4784 | D:5      | Entered Level 5 of the Dungeon
  4983 | D:5      | Found a sand-covered staircase.
  4998 | Ossuary  | Entered an ossuary
  5090 | Ossuary  | Reached skill level 5 in Fighting
  5128 | Ossuary  | Reached * piety under Okawaru
  5261 | Ossuary  | Reached skill level 7 in Long Blades
  5436 | D:5      | Reached XP level 8. HP: 23/55 MP: 9/9
  5799 | D:5      | Reached skill level 5 in Armour
  6264 | D:6      | Noticed Eustachio
  6281 | D:6      | Killed Eustachio
  6281 | D:6      | Reached skill level 8 in Long Blades
  6286 | D:6      | Found Yxutus's Magic Scroll Emporium.
  6757 | D:6      | Reached ** piety under Okawaru
  6757 | D:6      | Reached skill level 5 in Shields
  6782 | D:6      | Noticed ololoev's ghost (novice DEFE)
  6799 | D:6      | HP: 2/57 [ololoev's ghost/flame tongue (13)]
  6803 | D:6      | Incinerated by ololoev's ghost

Vault maps used:
D:1:      lemuel_arrival_rhombus
D:2:      marbit_many_paths, grunt_ministairs_5, serial_bayou_pond_b, uniq_robin
D:3:      yredelemnul_altar_generic, okawaru_altar_gauntlet_db, uniq_terence
D:4:      zin_academy, uniq_duvessa
D:5:      first_bread, chequers_ossuary_entry_cave, serial_bayou,
          serial_bayou_lake_a, serial_bayou_pond_a, serial_bayou_pond_c,
          serial_bayou_pond_e
D:6:      minmay_temple_entry_butterflies, serial_shops, kennysheep_little_box,
          uniq_eustachio
Ossuary:  ossuary_crypta

Action                   |  1- 3 |  4- 6 |  7- 9 || total
-------------------------+-------+-------+-------++-------
Melee: Short sword       |   115 |   259 |   236 ||   610
       Long sword        |     2 |    19 |   102 ||   123
Evoke: Wand              |       |       |     6 ||     6
  Use: Potion            |       |     1 |    11 ||    12
       Scroll            |       |     8 |    11 ||    19
 Stab: Distracted        |       |     1 |       ||     1
       Invisible         |       |       |     1 ||     1
  Eat: Chunk             |       |    11 |     4 ||    15
       Fruit             |       |       |     2 ||     2
       Pizza             |       |       |     1 ||     1
